 Dungeon Crawl Stone Soup version 0.29-a0-243-g602b31c20e (webtiles) character file.

Game seed: 9902873316757776177

86 sanka the Ducker (level 4, 0/41 HPs)
             Began as a Gnoll Monk on Mar 4, 2022.
             Was a Priest of Qazlal.
             Slain by an iron imp (7 damage)
             ... summoned by Natasha
             ... on level 3 of the Dungeon.
             The game lasted 00:02:31 (2168 turns).

sanka the Ducker (Gnoll Monk)                       Turns: 2168, Time: 00:02:33

Health: 0/41       AC:  6    Str: 13    XL:     4   Next: 49%
Magic:  5/5        EV: 15    Int:  9    God:    Qazlal [***...]
Gold:   110        SH:  3    Dex: 14    Spells: 5/5 levels left

rFire   . . .      SeeInvis .   a - +0 hand axe
rCold   . . .      Faith    .   (no shield)
rNeg    + + .      Spirit   .   b - +0 robe
rPois   .          Reflect  .   n - +0 helmet
rElec   .          Harm     +   i - +1 cloak
rCorr   .          Rampage  .   k - +0 pair of gloves "Ehuseth" {Harm rN+}
Will    .....                   (no boots)
Stlth   ++........              (no amulet)
HPRegen 0.13/turn               (no ring)
MPRegen 0.09/turn               l - ring of positive energy

@: no status effects
A: fangs 1, strong nose, distributed training
a: Renounce Religion, Upheaval, Elemental Force


You were on level 3 of the Dungeon.
You worshipped Qazlal.
Qazlal was most pleased with you.
You visited 1 branch of the dungeon, and saw 3 of its levels.

You collected 110 gold pieces.


Innate Abilities, Weirdness & Mutations

You have very sharp teeth.
Your uncanny sense of smell can sniff out nearby items.
Your experience applies equally to all skills.


   Skills:
 + Level 6.6 Fighting
 + Level 1.1 Short Blades
 + Level 1.1 Long Blades
 + Level 6.6 Axes
 + Level 1.1 Maces & Flails
 + Level 1.1 Polearms
 + Level 1.1 Staves
 + Level 1.1 Slings
 + Level 1.1 Bows
 + Level 1.1 Crossbows
 + Level 1.1 Throwing
 + Level 1.1 Armour
 + Level 6.6 Dodging
 + Level 4.2 Stealth
 + Level 1.1 Shields
 + Level 1.1 Unarmed Combat
 + Level 1.1 Spellcasting
 + Level 0.9 Conjurations
 + Level 0.9 Hexes
 + Level 0.9 Summonings
 + Level 0.9 Necromancy
 + Level 0.9 Translocations
 + Level 0.9 Transmutations
 + Level 0.9 Fire Magic
 + Level 0.9 Ice Magic
 + Level 0.9 Air Magic
 + Level 0.9 Earth Magic
 + Level 0.9 Poison Magic
 + Level 1.2 Invocations
 + Level 1.1 Evocations


You had 5 spell levels left.
You didn't know any spells.
Your spell library contained the following spells:

 Spells                   Type           Power      Damage    Failure   Level
 Summon Guardian Golem    Hex/Summ       2%         N/A       58%         3
 Orb of Destruction       Conj           1%         9d5       100%        7
 Spellforged Servitor     Conj/Summ      1%         N/A       100%        7

Inventory:

Hand Weapons
 a - a +0 hand axe (weapon)
 m - a +0 quarterstaff
Armour
 b - a +0 robe (worn)
 h - a +0 kite shield
 i - a +1 cloak (worn)
 k - the +0 pair of gloves "Ehuseth" (worn) {Harm rN+} rN: It protects you from negative energy. Harm: It increases damage dealt and taken.
 n - a +0 helmet (worn)
Magical Staves
 d - a staff of cold
Jewellery
 l - a ring of positive energy (right hand)
Scrolls
 c - 3 scrolls of identify {unknown}
 e - 2 scrolls of magic mapping {unknown}
 f - a scroll of vulnerability {unknown}
 g - a scroll of fear {unknown}
Potions
 j - a potion of heal wounds {@q2}

Dungeon Overview and Level Annotations

Branches:
Dungeon (3/15)

Altars:
Nemelex Xobeh
Qazlal

Annotations:
D:3 Natasha

....▒▒▒....▒▒ ▒.▒▒▒.†▒▒▒▒▒.▒▒.▒▒
▒...▒▒.....▒ ▒. ▒▒....▒.......
....▒▒....▒▒▒▒▒. ▒▒▒▒.......▒
....†▒..........▒▒▒▒▒▒▒▒▒.▒...▒▒▒
.▒▒..................<...†▒▒.....
.▒▒....................▒▒▒†......
..........▒..........>....†...▒▒£
▒▒▒....▒▒.▒....#55.........▒▒.▒
▒.....▒▒ ......hg....▒▒▒▒▒▒▒ .▒
▒.▒^...▒ ▒▒..........▒ ..
.......▒ ▒..........▒ . ▒▒(....▒
▒..........▒ .......▒
▒..........▒ .......▒
▒..........▒ ▒▒▒....▒
▒▒▒▒▒.▒▒▒... ▒....▒ ▒. ▒▒...
▒▒....▒ ▒▒ .▒.▒


You could see 2 iron imps and Natasha.


Message History

* * * LOW HITPOINT WARNING * * *
You closely miss Natasha. Your bite misses Natasha.
Natasha is almost dead.
You hit the iron imp. You hit the iron imp but do no damage.
You hit the iron imp but do no damage. Natasha closely misses you.
The iron imp closely misses you. The iron imp closely misses you.
The iron imp closely misses you.
You completely miss Natasha.
Natasha is almost dead.
You hit the iron imp. You barely miss the iron imp.
You completely miss the iron imp. Natasha casts a spell at you.
The magic dart hits you.
* * * LOW HITPOINT WARNING * * *
The iron imp hits you but does no damage.
The iron imp misses you. The iron imp barely misses you.
You closely miss Natasha.
Natasha is almost dead.
You hit the iron imp but do no damage. You hit the iron imp.
You completely miss the iron imp. You block Natasha's attack.
The iron imp hits you.
You die...

Action                   |  1- 3 |  4- 6 || total
-------------------------+-------+-------++-------
Melee: Hand axe          |    66 |    31 ||    97
       Bite              |     9 |     5 ||    14
 Stab: Sleeping          |     6 |       ||     6
Armor: Robe              |    11 |     4 ||    15
Dodge: Dodged            |    41 |    28 ||    69
Block: Other             |     1 |     8 ||     9

Levels and vault maps discovered:
D:1:      dpeg_arrival_rooms_b, layout_basic, serial_curves, eino_curves_02,
          eino_curves_01, eino_curves_03, eino_curves_02
D:2:      layout_basic, basic_altar, hellmonk_ecumenical_altar_watching_god
D:3:      layout_rooms, portal_sewer_entry_f, uniq_natasha

Notes
Turn   | Place    | Note
-------+----------+-------------------------------------------
     0 | D:1      | sanka the Gnoll Monk began the quest for the Orb.
     0 | D:1      | Reached XP level 1. HP: 23/23 MP: 1/1
   328 | D:1      | Reached XP level 2. HP: 29/29 MP: 2/2
  1377 | D:2      | Found a sparkling altar of Nemelex Xobeh.
  1414 | D:2      | Reached XP level 3. HP: 35/35 MP: 3/3
  1643 | D:2      | Noticed a shining eye
  1644 | D:2      | Found a faded altar of an unknown god.
  1649 | D:2      | Noticed a shining eye
  1649 | D:2      | Noticed a great orb of eyes
  1649 | D:2      | Noticed an eye of devastation
  1655 | D:2      | Prayed at the altar of an unknown god.
  1655 | D:2      | Became a worshipper of Qazlal Stormbringer
  1655 | D:2      | Reached * piety under Qazlal
  1655 | D:2      | Reached ** piety under Qazlal
  1660 | D:2      | Reached skill level 1 in Invocations
  1859 | D:2      | Identified the +0 pair of gloves "Ehuseth" {Harm rN+}
  2009 | D:3      | Reached skill level 1 in Short Blades
  2009 | D:3      | Reached skill level 1 in Long Blades
  2009 | D:3      | Reached skill level 1 in Maces & Flails
  2009 | D:3      | Reached skill level 1 in Polearms
  2009 | D:3      | Reached skill level 1 in Staves
  2009 | D:3      | Reached skill level 1 in Slings
  2009 | D:3      | Reached skill level 1 in Bows
  2009 | D:3      | Reached skill level 1 in Crossbows
  2009 | D:3      | Reached skill level 1 in Throwing
  2009 | D:3      | Reached skill level 1 in Armour
  2009 | D:3      | Reached skill level 1 in Shields
  2009 | D:3      | Reached skill level 1 in Unarmed Combat
  2009 | D:3      | Reached skill level 1 in Spellcasting
  2009 | D:3      | Reached skill level 1 in Evocations
  2025 | D:3      | Reached XP level 4. HP: 32/41 MP: 5/5
  2122 | D:3      | Noticed Natasha
  2124 | D:3      | Reached *** piety under Qazlal
  2138 | D:3      | Killed Natasha
  2153 | D:3      | Noticed Natasha
  2168 | D:3      | Slain by an iron imp

Vanquished Creatures
  Natasha (D:3)
  2 adders
  2 worms (D:2)
  6 ball pythons
  3 endoplasms
  2 giant cockroaches
  A goblin (D:2)
  4 hobgoblins
  3 quokkas
  4 bats
  5 kobolds
  3 rats
36 creatures vanquished.
